 Dungeon Crawl Stone Soup version 0.28-a0-957-g42eb19b844 (webtiles) character file.

Game seed: 14408370151983841153

179 Redcow54321 the Ruffian (level 5, 0/50 HPs)
             Began as a Troll Fighter on Dec 1, 2021.
             Slain by vincint2002's ghost (11 damage)
             ... while paralysed
             ... on level 3 of the Dungeon.
             The game lasted 00:02:27 (973 turns).

Redcow54321 the Ruffian (Troll Fighter)              Turns: 973, Time: 00:02:29

Health: 0/50       AC:  4    Str: 26    XL:     5   Next: 33%
Magic:  4/4        EV:  1    Int:  4    God:
Gold:   73         SH:  0    Dex: -3 (9) Spells: 4/4 levels left

rFire   . . .      SeeInvis .     - Unarmed
rCold   . . .      Faith    .   (no shield)
rNeg    . . .      Spirit   .   a - +0 robe
rPois   .          Reflect  .   (helmet restricted)
rElec   .          Harm     .   (no cloak)
rCorr   .          Rampage  .   (gloves unavailable)
Will    .....                   (boots unavailable)
Stlth   ..........              (no amulet)
HPRegen 0.96/turn               (no ring)
MPRegen 0.09/turn               (no ring)

@: paralysed, mighty, slowed, lost dexterity
A: large, unfitting armour, claws 3, regeneration 1, shaggy fur 1, tough skin 1
a: no special abilities


You were on level 3 of the Dungeon.
You visited 1 branch of the dungeon, and saw 3 of its levels.

You collected 73 gold pieces.

Inventory:

Armour
 a - a +0 robe (worn)
 b - a +0 kite shield
Scrolls
 d - 4 scrolls of teleportation {unknown}
 f - a scroll of blinking {unknown}
 i - a scroll of enchant weapon {unknown}
 j - a scroll of enchant armour {unknown}
Potions
 c - a potion of might
 e - a potion of flight {unknown}
 g - a potion of magic {unknown}
 h - a potion of attraction {unknown}


   Skills:
 - Level 2.4 Fighting
 + Level 3.3 Dodging
 - Level 2.4 Shields
 * Level 4.9 Unarmed Combat


You had 4 spell levels left.
You didn't know any spells.
Your spell library contained the following spells:

 Spells                   Type           Power      Damage    Failure   Level
 Passwall                 Tmut/Erth      0%         N/A       65%         2
 Swiftness                Air            0%         N/A       86%         3


Dungeon Overview and Level Annotations

Branches:
Dungeon (3/15)

Altars:

Annotations:
D:3 1 transporter, vincint2002's ghost, amateur GrFi


Innate Abilities, Weirdness & Mutations

You are too large for most types of armour.
You have claws for hands.
Your natural rate of healing is unusually fast.
You are covered in fur. (AC +1)
You have tough skin. (AC +1)


Message History

You closely miss the quasit.
The quasit is moderately wounded.
The quasit completely misses you. The quasit closely misses you.
The quasit barely misses you.
The quasit bites you but does no damage.
The quasit claws you. x2
You feel clumsy.
You barely miss the quasit.
The quasit is moderately wounded.
The quasit barely misses you.
The quasit claws you but does no damage. x2
The quasit bites you but does no damage.
The quasit misses you. The quasit completely misses you.
You mangle the quasit!!
You kill the quasit!
The quasit bites you.
You feel clumsy.
You have lost your dexterity.
The quasit claws you.
You feel clumsy. The quasit claws you.
You feel clumsy. The quasit completely misses you.
The quasit claws you but does no damage. x2
Vincint2002's ghost hits you.
You hear the slow rusting of a distant drain.
The quasit bites you but does no damage.
The quasit claws you but does no damage. x2
Vincint2002's ghost hits you. The quasit bites you. The quasit claws you.
The quasit completely misses you. Vincint2002's ghost hits you!
* * * LOW HITPOINT WARNING * * *
The quasit barely misses you.
The quasit claws you but does no damage. x2
The quasit bites you but does no damage.
The quasit claws you.
* * * LOW HITPOINT WARNING * * *
You feel clumsy.
The quasit claws you but does no damage.
Vincint2002's ghost hits you!
You die...

........#.. .#. ..
........... .. #.
.##....<# ..+.
........### .#. .
.##.#...... ..
...##.#...... ##
###...........
##.###..#####..#....
##..@W..#...©#..#....
#...5#...#...##......
#..##..#......#†.#...
..#.. #..©..##..#..#...
..##.#.....#.....#..#Y..
. #....###=..##.##..#...
##..#..$(.....#...# ###
#####..##...#
..####.©.####..###.#


You could see a quasit and vincint2002's ghost.

Vanquished Creatures
  A sky beast (D:3)
  A quasit (D:3)
  An adder (D:2)
  2 endoplasms (D:1)
  A goblin (D:2)
  7 hobgoblins
  6 jackals (D:1)
  4 quokkas
  5 ball pythons
  3 bats (D:1)
  5 frilled lizards
  3 kobolds
  3 rats
42 creatures vanquished.

Notes
Turn   | Place    | Note
-------+----------+-------------------------------------------
     0 | D:1      | Redcow54321 the Troll Fighter began the quest for the Orb.
     0 | D:1      | Reached XP level 1. HP: 22/22 MP: 0/0
   108 | D:1      | Reached XP level 2. HP: 28/29 MP: 1/1
   382 | D:1      | Found a faded altar of an unknown god.
   461 | D:1      | Reached XP level 3. HP: 36/36 MP: 2/2
   530 | D:2      | Reached skill level 3 in Unarmed Combat
   924 | D:3      | Noticed a sky beast
   937 | D:3      | Killed a sky beast
   938 | D:3      | Reached skill level 4 in Unarmed Combat
   938 | D:3      | Reached XP level 4. HP: 34/44 MP: 3/3
   938 | D:3      | Reached XP level 5. HP: 39/50 MP: 4/4
   938 | D:3      | Noticed vincint2002's ghost (amateur GrFi)
   939 | D:3      | Found a transporter.
   945 | D:3      | Found a transporter.
   969 | D:3      | Lost dexterity.
   973 | D:3      | Slain by vincint2002's ghost

Illustrated notes

Levels and vault maps discovered:
D:1:      minmay_arrival_open_corners, layout_basic,
          ebering_ecumenical_altar_abandoned, minmay_misc_feat_nine_boxes
D:2:      layout_rooms
D:3:      layout_basic, gammafunk_ghost_stat_death, portal_sewer_entry_d,
          minmay_fountain_box, wander_ebering_terrifying_dragon_lair

Skill      XL: |  1  2  3 |
---------------+----------+-----
Unarmed Combat | 4 |  4.9
Dodging        | 3 |  3.3
Fighting       | |  2.4
Shields        | |  2.4

Action                   |  1- 3 |  4- 6 || total
-------------------------+-------+-------++-------
Melee: Unarmed           |    94 |    10 ||   104
  Use: Potion            |     1 |       ||     1
 Stab: Sleeping          |     1 |       ||     1
Armor: Robe              |    32 |    29 ||    61
Dodge: Dodged            |    48 |    23 ||    71

Table legend: (Time is in decaauts)
 A = Elapsed time spent in this place.
 B = Non-inter-level travel time spent in this place.
 C = Inter-level travel time spent in this place.
 D = Time resting spent in this place.
 E = Time spent auto-exploring this place.
 F = Levels seen in this place.
 G = Mean time per level.
                   A        B        C        D        E       F      G
               +--------+--------+--------+--------+--------+-----+--------+
         Total |    967 |    902 |     65 |      0 |    651 |   3 |  322.3 |
       Dungeon |    967 |    902 |     65 |      0 |    651 |   3 |  322.3 |
               +--------+--------+--------+--------+--------+-----+--------+

Top non-repeatable levels by time:
     D:1: 520 daAuts
     D:2: 394 daAuts
     D:3: 51 daAuts
